 Seeded DCSS version 0.29.1-15-g9cfb28693d (webtiles) character file.

Game seed: 4916263666957482044 (custom seed)

9739 kingofthe the Covert (level 11, -6/54 HPs)
             Began as a Deep Elf Conjurer on Apr 10, 2023.
             Was an Elder of Sif Muna.
             Mangled by a death yak (25 damage)
             ... on level 1 of the Lair of Beasts.
             The game lasted 00:26:41 (10736 turns).

kingofthe the Covert (Deep Elf Conjurer)           Turns: 10736, Time: 00:26:42

Health: -6/54      AC:  5    Str: 10    XL:     11   Next: 27%
Magic:  1/27       EV: 18    Int: 29    God:    Sif Muna [****..]
Gold:   718        SH:  5    Dex: 15    Spells: 14/30 levels left

rFire   + . .      SeeInvis +   a - staff of conjuration {!a}
rCold   . . .      Faith    .   (no shield)
rNeg    . . .      Spirit   .   A - +1 robe {Archmagi}
rPois   .          Reflect  +   (no helmet)
rElec   .          Harm     .   (no cloak)
rCorr   .          Rampage  .   B - +1 pair of gloves
Will    +....      Archmagi +   (no boots)
Stlth   +++++.....              k - amulet of reflection
HPRegen 0.18/turn               H - ring of Dytide {rF+ Str+6 Int+3}
MPRegen 0.20/turn               v - ring of see invisible

@: about to teleport, studying Stealth
A: no striking features
a: Renounce Religion, Channel Magic, Forget Spell, Divine Exegesis


You were on level 1 of the Lair of Beasts.
You worshipped Sif Muna.
Sif Muna was greatly pleased with you.
You visited 3 branches of the dungeon, and saw 10 of its levels.
You also visited: Ossuary.

You collected 802 gold pieces.
You spent 84 gold pieces at shops.


   Skills:
 * Level 11.3 Dodging
 + Level 12.3 Stealth
 + Level 10.0 Spellcasting
 + Level 9.0 Conjurations
 + Level 9.6 Hexes
 - Level 5.4 Translocations


You had 14 spell levels left.
You knew the following spells:

 Your Spells              Type           Power      Damage    Failure   Level
a - Magic Dart            Conj           100%       1d8       1%          1
b - Searing Ray           Conj           100%       2d8       1%          2
c - Fulminant Prism       Conj/Hex       50%        3d23      1%          4
d - Iskenderun's Mystic   Conj/Tloc      91%        2d18      1%          4
e - Dazzling Flash        Conj/Hex       100%       N/A       1%          3
z - Blink                 Tloc           100%       N/A       1%          2

Your spell library contained the following spells:

 Spells                   Type           Power      Damage    Failure   Level
 Lesser Beckoning         Tloc           62%        N/A       1%          3
 Summon Guardian Golem    Hex/Summ       59%        N/A       1%          3
 Summon Small Mammal      Summ           84%        N/A       3%          1
 Call Canine Familiar     Summ           21%        N/A       11%         3
 Manifold Assault         Tloc           62%        N/A       11%         5

Inventory:

Hand Weapons
 b - a +1 dagger of flaming
 c - a +0 dagger of freezing
 C - a +2 whip of flaming
 M - a +1 dagger of holy wrath
Missiles
 j - 4 boomerangs of dispersal {=f}
Armour
 A - a +1 robe of the Archmagi (worn)
 B - a +1 pair of gloves (worn)
Magical Staves
 a - a staff of conjuration (weapon) {!a}
Jewellery
 f - a ring of fire
 k - an amulet of reflection (around neck)
 v - a ring of see invisible (right hand)
 F - a ring of protection from fire
 H - the ring of Dytide (left hand) {rF+ Str+6 Int+3}
   (You took it off a gnoll on level 7 of the Dungeon)

   [ring of strength]

   Str:       It affects your strength (+6).
   Int:       It affects your intelligence (+3).
   rF:        It protects you from fire.
 N - a ring of positive energy
 S - a +6 ring of strength
Wands
 L - a wand of mindburst (18)
 O - a wand of polymorph (7)
Scrolls
 e - a scroll of torment {unknown}
 i - a scroll of poison {unknown}
 l - 4 scrolls of identify {unknown}
 m - 2 scrolls of brand weapon {unknown}
 n - 2 scrolls of fear
 o - a scroll of enchant armour {unknown}
 r - 3 scrolls of immolation {unknown}
 s - 2 scrolls of fog {unknown}
 w - a scroll of summoning {unknown}
 x - 2 scrolls of blinking {unknown}
 y - 4 scrolls of magic mapping {unknown}
 z - a scroll of teleportation {@r2}
 J - a scroll of noise {unknown}
 K - 5 scrolls of enchant weapon {unknown}
Potions
 d - a potion of ambrosia {unknown}
 g - a potion of berserk rage {unknown}
 h - a potion of invisibility {unknown}
 p - a potion of haste {unknown}
 t - 2 potions of curing {@q1}
 u - 2 potions of heal wounds {@q2}
 D - a potion of attraction {unknown}
 E - a potion of brilliance {unknown}
 G - 2 potions of cancellation {unknown}
 I - 2 potions of flight {unknown}
 P - a potion of degeneration {unknown}

Dungeon Overview and Level Annotations

Branches:
Dungeon (8/15)             Temple (1/1) D:7            Lair (1/5) D:8
Ossuary (visited)

Altars:
Ashenzari
Cheibriados
Dithmenos
Elyvilon
Fedhas
Hepliaklqana
Kikubaaqudgha
Makhleb
Nemelex Xobeh
Okawaru
Qazlal
Ru
Sif Muna
Trog
Uskayaw
Vehumet
Wu Jian
Xom
Yredelemnul
Zin

Shops:
D:4 ?

Annotations:
D:2 1 runed translucent door, Crazy Yiuf
D:5 3 runed translucent doors, kingofthe's ghost, novice DECj
D:6 3 runed translucent doors, nroviw's ghost, novice KoDe

.# .# .# .# ### ###
##### .#
###.###P###...###.#
.....†............#
...†.†.........Y@.#
...†..............#
#####P##..#######.#
# ####### .# # .. #
.## # .# .#


You could see a death yak.


Message History

The death yak is heavily wounded.
Casting: Fulminant Prism (dangerous; 1% risk of failure)
Confirm with . or Enter, or press ? or * to list all spells.
You feel a strong surge of power!
You erupt in a blast of force!
Casting: Iskenderun's Mystic Blast (dangerous; 1% risk of failure)
Confirm with . or Enter, or press ? or * to list all spells.
Aiming: Fulminant Prism (dangerous; 1% risk of failure)
Press: ? - help, Dir - move target You feel a strong surge of power!
You conjure a prism of explosive energy!
A fulminant prism comes into view.
Your fulminant prism crackles loudly.
Your fulminant prism explodes!
The blast of energy engulfs the death yak.
The death yak is heavily wounded.
Casting: Fulminant Prism (dangerous; 1% risk of failure)
Confirm with . or Enter, or press ? or * to list all spells.
Aiming: Fulminant Prism (dangerous; 1% risk of failure)
Press: ? - help, Dir - move target You feel a strong surge of power!
You conjure a prism of explosive energy!
A fulminant prism comes into view.
The death yak attacks as you move away! The death yak gores you!
* * * LOW HITPOINT WARNING * * *
Your fulminant prism crackles loudly.
The death yak attacks as you move away! The death yak barely misses you.
Your fulminant prism explodes!
As you read the scroll of teleportation {@r2}, it crumbles to dust.
You feel strangely unstable. The death yak gores you!!
You die...

Skill      XL: |  1  2  3  4  5  6  7  8  9 10 11 |
---------------+----------------------------------+-----
Stealth        | 3 4 5 6 7 8 10 11 12 | 12.3
Dodging        | 3 4 5 6 7 9 10 11 | 11.3
Hexes          | 1 2 4 6 8 9 |  9.6
Spellcasting   | 4 6 7 8 9 10 | 10.0
Conjurations   | 5 6 7 8 9 |  9.0
Translocations | 3 5 |  5.4

Action                   |  1- 3 |  4- 6 |  7- 9 | 10-12 || total
-------------------------+-------+-------+-------+-------++-------
 Cast: Magic Dart        |    59 |    42 |   162 |    10 ||   273
       Searing Ray       |     9 |    15 |    39 |     5 ||    68
       Fulminant Prism   |       |       |    27 |    47 ||    74
       Iskenderun's Myst |       |       |       |     4 ||     4
  Use: Potion            |       |       |       |     4 ||     4
       Scroll            |       |       |       |     1 ||     1
Armor: Robe              |     1 |       |     6 |       ||     7
Dodge: Dodged            |     2 |    12 |    16 |     6 ||    36
Block: Other             |       |       |     2 |       ||     2

Levels and vault maps discovered:
D:1:      scummos_arrival_hexagon, layout_basic,
          chequers_ecumenical_altar_island
D:2:      layout_loops_ring, uniq_crazy_yiuf_cottage
D:3:      layout_basic, mainiacjoe_overflow_alcove_4,
          nicolae_sif_muna_little_library, gammafunk_temple_overflow_wave,
          uniq_jessica
D:4:      layout_cave_pools, nemelex_xobeh_ov_fountains_minmay, serial_shops,
          nicolae_take_the_stairs, uniq_natasha
D:5:      layout_loops_ring, nicolae_wu_jian_immortal_techniques,
          nicolae_overflow_hidden_temple, ebering_ghost_rock_garden,
          kennysheep_generic_room_2, uniq_pikel, uniq_sigmund
D:6:      layout_rooms, amethyst_overflow_temple_binary,
          nicolae_ossuary_entry_monument, ebering_ghost_rock_garden,
          hangedman_decor_points, uniq_blork_the_orc
D:7:      layout_basic, vehumet_statue, nicolae_overflow_squiral,
          temple_doors_e, david_defended_altar_orc
D:8:      layout_loops_ring, mainiacjoe_overflow_chevrons, lair_entry_dummy,
          serial_ice, serial_ice_a, serial_ice_d, serial_ice_f, serial_ice_c,
          serial_ice_m, serial_ice_g, serial_ice_i, serial_ice_n, serial_ice_e,
          serial_ice_o, hangedman_glass_teeth, minmay_crystal_water,
          uniq_amaemon
Temple:   nicolae_temple_bog_church
Lair:1:   layout_long_grid

Notes
Turn   | Place    | Note
-------+----------+-------------------------------------------
     0 | D:1      | kingofthe the Deep Elf Conjurer began the quest for the
                  | Orb.
     0 | D:1      | Reached XP level 1. HP: 10/10 MP: 6/6
   150 | D:1      | Reached XP level 2. HP: 15/15 MP: 2/8
   206 | D:1      | Learned a level 2 spell: Searing Ray
   268 | D:1      | Reached skill level 3 in Stealth
   294 | D:1      | Found a faded altar of an unknown god.
   366 | D:1      | Reached skill level 3 in Dodging
   724 | D:1      | Reached XP level 3. HP: 19/19 MP: 6/9
  1521 | D:2      | Found a runed translucent door.
  1522 | D:2      | Noticed Crazy Yiuf
  1566 | D:2      | Reached skill level 4 in Stealth
  1818 | D:2      | Reached XP level 4. HP: 24/24 MP: 8/11
  1823 | D:2      | Learned a level 4 spell: Fulminant Prism
  2204 | D:3      | Found a blossoming altar of Fedhas.
  2204 | D:3      | Noticed Jessica
  2207 | D:3      | Killed Jessica
  2208 | D:3      | Reached skill level 4 in Dodging
  2208 | D:3      | Reached skill level 1 in Hexes
  2267 | D:3      | Reached XP level 5. HP: 28/28 MP: 5/12
  2271 | D:3      | Reached skill level 5 in Stealth
  2368 | D:3      | Found a shimmering blue altar of Sif Muna.
  2372 | D:3      | Became a worshipper of Sif Muna the Loreminder
  2411 | D:3      | Found a broken altar of Ashenzari.
  2411 | D:3      | Found an iron altar of Okawaru.
  2640 | D:4      | Reached skill level 4 in Spellcasting
  2640 | D:4      | Reached skill level 2 in Hexes
  2645 | D:4      | Noticed Natasha
  2726 | D:4      | Killed Natasha
  2727 | D:4      | Reached skill level 5 in Conjurations
  2780 | D:4      | Reached XP level 6. HP: 32/32 MP: 6/14
  2843 | D:4      | Found Sefeebynk's Magic Scroll Boutique.
  3006 | D:4      | Noticed Natasha
  3013 | D:4      | Killed Natasha
  3014 | D:4      | Reached skill level 3 in Hexes
  3029 | D:4      | Reached skill level 5 in Dodging
  3029 | D:4      | Reached skill level 6 in Stealth
  3053 | D:4      | Noticed Natasha
  3059 | D:4      | Killed Natasha
  3381 | D:4      | Found a sparkling altar of Nemelex Xobeh.
  3592 | D:5      | Entered Level 5 of the Dungeon
  3597 | D:5      | Reached skill level 4 in Hexes
  3640 | D:5      | Reached XP level 7. HP: 36/36 MP: 12/15
  3675 | D:5      | Identified a +1 robe of the Archmagi
  3675 | D:5      | Noticed Sigmund
  3683 | D:5      | Killed Sigmund
  3783 | D:5      | Reached skill level 6 in Dodging
  3783 | D:5      | Reached skill level 7 in Stealth
  3783 | D:5      | Reached skill level 5 in Spellcasting
  3935 | D:5      | Reached * piety under Sif Muna
  3938 | D:5      | Reached skill level 5 in Hexes
  4426 | D:5      | Noticed Pikel
  4488 | D:4      | Bought a scroll of teleportation for 36 gold pieces
  4488 | D:4      | Bought a scroll of fear for 48 gold pieces
  4558 | D:5      | Killed Pikel
  4559 | D:5      | Reached skill level 6 in Spellcasting
  4559 | D:5      | Reached skill level 6 in Conjurations
  4559 | D:5      | Reached skill level 6 in Hexes
  4559 | D:5      | Reached XP level 8. HP: 41/41 MP: 8/19
  4881 | D:5      | Found an ornate altar of the Wu Jian Council.
  4920 | D:5      | Found a runed translucent gate.
  4920 | D:5      | Found a runed translucent gate.
  4921 | D:5      | Found a runed translucent gate.
  4923 | D:5      | Noticed kingofthe's ghost (novice DECj)
  4936 | D:5      | Found a snail-covered altar of Cheibriados.
  5607 | D:5      | Found an ornate altar of the Wu Jian Council.
  5647 | D:5      | Found a runed translucent gate.
  5647 | D:5      | Found a runed translucent gate.
  5648 | D:5      | Found a runed translucent gate.
  5656 | D:5      | Found a snail-covered altar of Cheibriados.
  5765 | D:6      | Reached skill level 7 in Dodging
  5769 | D:6      | Reached skill level 8 in Stealth
  5847 | D:6      | Found a sand-covered staircase.
  5862 | Ossuary  | Entered an ossuary
  6482 | D:6      | Reached skill level 7 in Spellcasting
  6605 | D:6      | Noticed Blork the orc
  6608 | D:6      | Killed Blork the orc
  6608 | D:6      | Reached ** piety under Sif Muna
  6609 | D:6      | Reached skill level 7 in Conjurations
  6672 | D:6      | Found a stormy altar of Qazlal.
  6683 | D:6      | Found a white marble altar of Elyvilon.
  6735 | D:6      | Found a runed translucent gate.
  6735 | D:6      | Found a runed translucent gate.
  6735 | D:6      | Found a runed translucent gate.
  6761 | D:6      | Reached XP level 9. HP: 36/45 MP: 8/21
  6841 | D:6      | Noticed nroviw's ghost (novice KoDe)
  7072 | D:7      | Reached skill level 7 in Hexes
  7130 | D:7      | Found a radiant altar of Vehumet.
  7293 | D:7      | Identified the ring of Dytide {rF+ Str+6 Int+3}
  7472 | D:7      | Reached skill level 9 in Stealth
  7498 | D:7      | Found a sacrificial altar of Ru.
  7500 | D:7      | Found a shimmering altar of Xom.
  7542 | D:7      | Reached skill level 8 in Dodging
  7646 | D:7      | Learned a level 2 spell: Blink
  7776 | D:7      | Reached skill level 1 in Translocations
  8247 | D:7      | Found a staircase to the Ecumenical Temple.
  8268 | Temple   | Entered the Ecumenical Temple
  8631 | D:8      | Reached skill level 8 in Spellcasting
  8717 | D:8      | Found a staircase to the Lair.
  8736 | D:8      | Reached skill level 2 in Translocations
  8895 | D:8      | Reached skill level 8 in Hexes
  9002 | D:8      | Reached skill level 3 in Translocations
  9096 | D:8      | Reached skill level 9 in Dodging
  9173 | D:8      | Noticed Amaemon
  9186 | D:8      | Reached skill level 10 in Stealth
  9196 | D:8      | Killed Amaemon
  9196 | D:8      | Reached *** piety under Sif Muna
  9197 | D:8      | Reached skill level 8 in Conjurations
  9197 | D:8      | Reached XP level 10. HP: 50/50 MP: 11/24
  9284 | D:8      | Reached skill level 4 in Translocations
  9285 | D:8      | Noticed an orange demon
  9291 | D:8      | Killed an orange demon
  9547 | D:8      | Reached skill level 9 in Spellcasting
  9695 | D:8      | Reached skill level 5 in Translocations
  9792 | D:8      | Reached skill level 10 in Dodging
  9792 | D:8      | Reached skill level 11 in Stealth
 10006 | D:8      | Learned a level 4 spell: Iskenderun's Mystic Blast
 10010 | D:8      | Learned a level 3 spell: Dazzling Flash
 10301 | D:8      | Found a bloodstained altar of Trog.
 10463 | Lair:1   | Entered Level 1 of the Lair of Beasts
 10487 | Lair:1   | Noticed a cane toad
 10495 | Lair:1   | Killed a cane toad
 10495 | Lair:1   | Reached **** piety under Sif Muna
 10496 | Lair:1   | Reached skill level 9 in Hexes
 10512 | Lair:1   | Noticed a cane toad
 10520 | Lair:1   | Killed a cane toad
 10647 | Lair:1   | Reached XP level 11. HP: 48/54 MP: 18/26
 10687 | Lair:1   | Noticed a death yak
 10689 | Lair:1   | Noticed a death yak
 10702 | Lair:1   | Killed a death yak
 10702 | Lair:1   | Killed a death yak
 10703 | Lair:1   | Reached skill level 11 in Dodging
 10703 | Lair:1   | Reached skill level 12 in Stealth
 10721 | Lair:1   | Noticed a death yak
 10725 | Lair:1   | Reached skill level 10 in Spellcasting
 10725 | Lair:1   | Reached skill level 9 in Conjurations
 10736 | Lair:1   | Mangled by a death yak

Vanquished Creatures
  2 death yaks (Lair:1)
  Amaemon (D:8)
  Pikel (D:5)
  A black mamba (Lair:1)
  2 cane toads (Lair:1)
  An orange demon (D:8)
  2 rime drakes (Lair:1)
  2 polar bears (D:8)
  Sigmund (D:5)
  7 yaks
  A wyvern (D:8)
  A steam dragon (D:8)
  2 water moccasins
  2 black bears
  7 ice beasts
  A sky beast (D:7)
  2 ogres
  2 wolves (D:8)
  A centaur (D:7)
  A phantom (D:7)
  A lemure (D:5)
  Blork the orc (D:6)
  3 bullfrogs
  2 necrophages
  4 wights (D:8)
  3 scorpions
  4 killer bees (D:8)
  2 howler monkeys (D:8)
  2 electric eels (D:8)
  A centaur zombie (Ossuary)
  4 jellies
  5 hounds
  2 gnoll boudas
  9 orc priests
  Jessica (D:3)
  Natasha (thrice) (D:4)
  An iguana (D:5)
  4 orc wizards
  A statue (D:7)
  A centaur simulacrum (D:8)
  2 mummies (Ossuary)
  9 gnolls
  11 adders
  2 shadow imps
  7 white imps
  5 ufetubi
  A worm (D:2)
  2 dart slugs
  24 orcs
  7 endoplasms
  4 giant cockroaches
  3 gnoll zombies (Ossuary)
  4 goblins
  7 hobgoblins
  4 kobolds
  2 quokkas
  4 ball pythons
  6 bats (D:1)
  5 frilled lizards
  4 goblin zombies (Ossuary)
  A hobgoblin zombie (Ossuary)
  5 orc zombies (Ossuary)
  4 rats
217 creatures vanquished.

Vanquished Creatures (others)
  74 fulminant prisms
  A fungus (Lair:1)
  A plant (Lair:1)
76 creatures vanquished.

Grand Total: 293 creatures vanquished

Table legend: (Time is in decaauts)
 A = Elapsed time spent in this place.
 B = Non-inter-level travel time spent in this place.
 C = Inter-level travel time spent in this place.
 D = Time resting spent in this place.
 E = Time spent auto-exploring this place.
 F = Levels seen in this place.
 G = Mean time per level.
                   A        B        C        D        E       F      G
               +--------+--------+--------+--------+--------+-----+--------+
         Total |  10745 |  10587 |    158 |    842 |   8385 |  11 |  976.8 |
       Dungeon |   9912 |   9763 |    149 |    649 |   7950 |   8 | 1239.0 |
        Temple |    190 |    181 |      9 |      0 |    176 |   1 |  190.0 |
          Lair |    158 |    158 |      0 |     12 |     40 |   1 |  158.0 |
       Ossuary |    483 |    483 |      0 |    181 |    219 |   1 |  483.0 |
               +--------+--------+--------+--------+--------+-----+--------+

Top non-repeatable levels by time:
     D:8: 2071 daAuts
     D:5: 2063 daAuts
     D:7: 1304 daAuts
     D:2: 1147 daAuts
     D:4: 990 daAuts
     D:1: 805 daAuts
     D:6: 776 daAuts
     D:3: 753 daAuts
 Ossuary: 483 daAuts
  Temple: 190 daAuts
  Lair:1: 158 daAuts

Table legend:
 A = Non-vault XP
 B = Vault XP
 C = Vault XP percentage of total XP
 D = Non-vault monster count
 E = Vault monster count
 F = Vault count percentage of total count
                 A         B        C        D         E       F
            +---------+---------+-------+---------+---------+-------
      Total |    8865 |    5048 |  36.3 |     165 |      51 |  23.6
            +---------+---------+-------+---------+---------+-------
        D:1 |      42 |       0 |   0.0 |      24 |       0 |   0.0
        D:2 |      55 |       0 |   0.0 |      16 |       0 |   0.0
        D:3 |      84 |      37 |  30.6 |      12 |       1 |   7.7
        D:4 |     353 |      36 |   9.3 |      11 |       1 |   8.3
        D:5 |     409 |    1023 |  71.4 |      22 |       3 |  12.0
        D:6 |     574 |     100 |  14.8 |      18 |       1 |   5.3
        D:7 |    1083 |     154 |  12.4 |      22 |       4 |  15.4
        D:8 |    1554 |    3602 |  69.9 |      26 |      25 |  49.0
     Lair:1 |    4711 |       0 |   0.0 |      14 |       0 |   0.0
    Ossuary |       0 |      96 | 100.0 |       0 |      16 | 100.0
            +---------+---------+-------+---------+---------+-------
